Map: Abiogenesis LE

Players

Aelith

  • Race: Zerg Zerg
  • Spawn Location: 5:00

souL - Winner!

  • Race: Terran Terran
  • Spawn Location: 11:00

Event: WCS Leipzig 2018

VOD

Have the link to the VOD?

Description

Time

  • Played on: Jan. 26, 2018, 6:21 a.m.
  • Length: 6:44

All games in this series

Show
View Real Time Build Order
Export as new Build Order

Aelith Zerg 

Build Orders: Pool First, Ravager All-In 

Get SALT Encoding   

  12  0:01  Drone  
  13  0:08  Drone  
  14  0:15  Extractor  
  14  0:16  Drone  
  14  0:32  Spawning Pool  
  13  0:38  Drone  
  14  0:45  Overlord  
  14  0:53  Extractor  
  14  0:54  Drone  
  14  1:07  Drone  
  14  1:09  Drone  
  16  1:20  Roach Warren  
  15  1:44  Overlord  
  17  2:01  Roach x3  
  21  2:08  Queen  
  25  2:15  Roach  
  25  2:22  Ravager x3  
  28  2:29  Roach  
  30  2:40  Overlord  
  30  3:02  Ravager x2  
  30  3:03  Roach x2  
  36  3:29  Overlord  
  36  3:34  Ravager x2  
  38  3:52  Overlord  
  38  3:54  Metabolic Boost  
  35  4:07  Drone x3  
  38  4:30  Hatchery  
  37  4:38  Drone x2  
  38  4:39  Drone  
  40  4:49  Drone x2  
  42  4:57  Overlord  
  42  4:59  Roach  
  44  5:03  Roach  
  46  5:10  Spore Crawler  
  45  5:14  Overlord  
  45  5:20  Roach  
  47  5:22  Ravager  
  47  5:25  Ravager  
  49  5:32  Drone x2  
  45  5:43  Spore Crawler  
  45  5:44  Queen  
  45  5:47  Ravager  
  45  5:48  Drone  
  42  5:59  Drone x3  
  45  6:04  Drone x2  
  47  6:13  Zergling x6  
  44  6:22  Roach x2  
  44  6:25  Roach  
Show
View Real Time Build Order
Export as new Build Order

souL Terran - Winner!

Build Orders: Cyclone Opening, Gas First Reaper Expand, Reaper Expand 

Get SALT Encoding   

  12  0:00  SCV  
  13  0:12  SCV  
  14  0:17  Supply Depot  
  14  0:24  SCV  
  15  0:30  Refinery  
  15  0:38  SCV  
  16  0:46  Barracks  
  16  0:50  SCV  
  18  1:04  SCV  
  18  1:16  SCV  
  19  1:34  Orbital Command, Reaper  
  20  1:49  Command Center  
  20  1:54  Factory  
  20  2:00  SCV  
  21  2:08  Barracks Reactor  
  21  2:12  SCV  
  22  2:16  Bunker  
  22  2:17  Bunker  
  22  2:18  Refinery, Supply Depot  
  22  2:24  SCV  
  22  2:27  Supply Depot  
  23  2:39  SCV  
  23  2:43  Cyclone  
  27  2:44  Marine x2  
  29  2:51  SCV  
  30  3:02  Marine x2  
  33  3:11  Supply Depot  
  33  3:14  Supply Depot  
  33  3:15  Cyclone  
  35  3:24  Supply Depot  
  35  3:32  Marine  
  36  3:46  SCV  
  36  3:48  Cyclone  
  40  3:50  Marine  
  41  3:57  Starport  
  41  4:00  SCV  
  42  4:09  Supply Depot  
  42  4:12  SCV  
  42  4:13  Barracks Tech Lab  
  43  4:25  SCV  
  44  4:36  Cyclone  
  47  4:41  Banshee  
  50  4:58  Command Center  
  50  5:05  SCV  
  51  5:16  Factory Tech Lab, Barracks Reactor  
  51  5:18  Supply Depot  
  51  5:20  SCV  
  51  5:42  Command Center  
  51  5:46  Siege Tank  
  54  5:57  SCV  
  54  5:59  Marine x2  
  57  6:06  Barracks  
  57  6:08  Barracks  
  57  6:09  SCV  
  58  6:14  Orbital Command  
  58  6:15  Starport Reactor  
  58  6:16  Marine  
  58  6:18  Marine  
  59  6:22  SCV  
Tags
 
Add a new tag
Caveats
  • Supply blocks, unpowered buildings, or Contaminate may cause inaccurate times.
  • Supply counts are checked every 10 seconds.